TOP OF THE 1ST |
Fresno Deplorables batting - Pitching for Jersey Shore D-Bags : RHP Roland Martin
|
Pitching: RHP Roland Martin
|
|
Batting: LHB Chance Santry
|
0-0: Ball 1-0: SINGLE (Line Drive, 56D)
|
Batting: LHB Paul Mullins
|
0-0: Ball 1-0: Ball 2-0: Foul Ball, location: 2F 2-1: Foul Ball, location: 2F 2-2: Ball 3-2: Strikes out looking
|
Batting: LHB Jeff Daniels
|
0-0: Fly out, F8 (Flyball, 8LM)
|
Batting: LHB Troy Donaldson
|
0-0: Called Strike 0-1: Ball 1-1: Foul Ball, location: 2F 1-2: Strikes out swinging
|
Top of the 1st over - 0 run(s), 1 hit(s), 0 error(s), 1 left on base; Fresno 0 - Jersey Shore 0 |
BOTTOM OF THE 1ST |
Jersey Shore D-Bags batting - Pitching for Fresno Deplorables : RHP Dionisio Penni
|
Pitching: RHP Dionisio Penni
|
|
Batting: LHB Juan Hernández
|
0-0: Swinging Strike 0-1: SINGLE (Groundball, 4MS) (infield hit)
|
Batting: RHB Ricardo González
|
0-0: Ball 1-0: SINGLE (Groundball, 56D) Juan Hernández to second
|
Batting: LHB Dave Dodd
|
0-0: Ball 1-0: Called Strike 1-1: Ball 2-1: Ball 3-1: Fly out, F5 (Line Drive, 5)
|
Batting: RHB Miguel Serna
|
0-0: Called Strike 0-1: Swinging Strike 0-2: Strikes out looking
|
Batting: LHB Pat Zimmerman
|
0-0: Ball 1-0: Ball 2-0: Ground out 3-1 (Groundball, 34S)
|
Bottom of the 1st over - 0 run(s), 2 hit(s), 0 error(s), 2 left on base; Fresno 0 - Jersey Shore 0 |
TOP OF THE 2ND |
Fresno Deplorables batting - Pitching for Jersey Shore D-Bags : RHP Roland Martin
|
Batting: RHB Paco Arellano
|
0-0: Ball 1-0: Ground out 4-3 (Groundball, 34)
|
Batting: RHB Manolo Román
|
0-0: Called Strike 0-1: Swinging Strike 0-2: Ball 1-2: Foul Ball, location: 2F 1-2: Ball 2-2: Ball 3-2: Foul Ball, location: 2F 3-2: Base on Balls
|
Batting: RHB Dani Vázquez
|
0-0: Called Strike 0-1: Fielders Choice at 2nd, 5-4 (Groundball, 56)
|
Batting: RHB Aaron Scott
|
0-0: Ball 1-0: Ball 2-0: Ball 3-0: Called Strike 3-1: Foul Ball, location: 2F 3-2: Fly out, F9 (Flyball, 9)
|
Top of the 2nd over - 0 run(s), 0 hit(s), 0 error(s), 1 left on base; Fresno 0 - Jersey Shore 0 |
BOTTOM OF THE 2ND |
Jersey Shore D-Bags batting - Pitching for Fresno Deplorables : RHP Dionisio Penni
|
Batting: LHB António Cedeño
|
0-0: Foul Ball, location: 2F 0-1: Called Strike 0-2: Strikes out looking
|
Batting: RHB Luis Ríos
|
0-0: Ball 1-0: SINGLE (Groundball, 3D)
|
Batting: LHB Albert Morgan
|
0-0: Ball 1-0: Ball 2-0: Ground out 4-3 (Groundball, 4D) Luis Ríos to second
|
Batting: RHB Millard Boyd
|
0-0: Swinging Strike 0-1: Ball 1-1: Foul Ball, location: 2F 1-2: Strikes out swinging
|
Bottom of the 2nd over - 0 run(s), 1 hit(s), 0 error(s), 1 left on base; Fresno 0 - Jersey Shore 0 |
TOP OF THE 3RD |
Fresno Deplorables batting - Pitching for Jersey Shore D-Bags : RHP Roland Martin
|
Batting: RHB R.J. Parker
|
0-0: Ball 1-0: Foul Ball, location: 2F 1-1: Ball 2-1: Ball 3-1: Foul Ball, location: 2F 3-2: Strikes out swinging
|
Batting: LHB Chance Santry
|
0-0: Ball 1-0: Ball 2-0: Called Strike 2-1: Foul Ball, location: 2F 2-2: Foul Ball, location: 2F 2-2: SINGLE (Flyball, 8RS)
|
Batting: LHB Paul Mullins
|
0-0: Ball 1-0: Swinging Strike 1-1: Foul Ball, location: 2F 1-2: Strikes out swinging
|
Batting: LHB Jeff Daniels
|
0-0: Ball 1-0: Called Strike 1-1: Fielders Choice at 2nd, 6-4 (Groundball, 6)
|
Top of the 3rd over - 0 run(s), 1 hit(s), 0 error(s), 0 left on base; Fresno 0 - Jersey Shore 0 |
BOTTOM OF THE 3RD |
Jersey Shore D-Bags batting - Pitching for Fresno Deplorables : RHP Dionisio Penni
|
Batting: LHB Juan Hernández
|
0-0: Ball 1-0: Called Strike 1-1: Ball 2-1: DOUBLE (Line Drive, 7LM)
|
Batting: RHB Ricardo González
|
0-0: Ball 1-0: Foul Ball, location: 2F 1-1: Ball 2-1: Ball 3-1: Called Strike 3-2: Foul Ball, location: 2F 3-2: Fly out, F4 (Line Drive, 4M)
|
Batting: LHB Dave Dodd
|
0-0: Ball 1-0: Swinging Strike 1-1: Ball 2-1: Ground out 3-1 (Groundball, 34) Juan Hernández to third
|
Batting: RHB Miguel Serna
|
0-0: Called Strike 0-1: Ball 1-1: Foul Ball, location: 2F 1-2: Strikes out swinging
|
Bottom of the 3rd over - 0 run(s), 1 hit(s), 0 error(s), 1 left on base; Fresno 0 - Jersey Shore 0 |
TOP OF THE 4TH |
Fresno Deplorables batting - Pitching for Jersey Shore D-Bags : RHP Roland Martin
|
Batting: LHB Troy Donaldson
|
0-0: Foul Ball, location: 2F 0-1: Ball 1-1: Foul Ball, location: 2F 1-2: Ball 2-2: Strikes out looking
|
Batting: RHB Paco Arellano
|
0-0: Ball 1-0: Called Strike 1-1: Foul Ball, location: 2F 1-2: Foul Ball, location: 2F 1-2: Ball 2-2: Ball 3-2: Ground out 6-3 (Groundball, 6)
|
Batting: RHB Manolo Román
|
0-0: Ball 1-0: Foul Ball, location: 2F 1-1: Ball 2-1: Ball 3-1: Foul Ball, location: 2F 3-2: Ground out 5-3 (Groundball, 56)
|
Top of the 4th over - 0 run(s), 0 hit(s), 0 error(s), 0 left on base; Fresno 0 - Jersey Shore 0 |
BOTTOM OF THE 4TH |
Jersey Shore D-Bags batting - Pitching for Fresno Deplorables : RHP Dionisio Penni
|
Batting: LHB Pat Zimmerman
|
0-0: SINGLE (Flyball, 8LS)
|
Batting: LHB António Cedeño
|
0-0: Ball 1-0: DOUBLE (Line Drive, 9LM) Pat Zimmerman to third
|
Batting: RHB Luis Ríos
|
0-0: Called Strike 0-1: Called Strike 0-2: Foul Ball, location: 2F 0-2: Ball 1-2: Ball 2-2: Fly out, F4 (Flyball, 34D)
|
Batting: LHB Albert Morgan
|
0-0: Foul Ball, location: 2F 0-1: Ball 1-1: Foul Ball, location: 2F 1-2: Ball 2-2: Strikes out looking
|
Batting: RHB Millard Boyd
|
0-0: Swinging Strike 0-1: Fly out, F7 (Flyball, 7)
|
Bottom of the 4th over - 0 run(s), 2 hit(s), 0 error(s), 2 left on base; Fresno 0 - Jersey Shore 0 |
TOP OF THE 5TH |
Fresno Deplorables batting - Pitching for Jersey Shore D-Bags : RHP Roland Martin
|
Batting: RHB Dani Vázquez
|
0-0: Ball 1-0: Called Strike 1-1: Ball 2-1: SINGLE (Groundball, 34D)
|
Batting: RHB Aaron Scott
|
0-0: Called Strike 0-1: Foul Ball, location: 2F 0-2: Foul Ball, location: 2F 0-2: Ball 1-2: Strikes out swinging
|
Batting: RHB R.J. Parker
|
0-0: Called Strike 0-1: Called Strike 0-2: Foul Ball, location: 2F 0-2: Ball 1-2: Ball 2-2: Strikes out swinging
|
Batting: LHB Chance Santry
|
0-0: Ball 1-0: Ball 2-0: Foul Ball, location: 2F 2-1: Ground out 4-3 (Groundball, 34D)
|
Top of the 5th over - 0 run(s), 1 hit(s), 0 error(s), 1 left on base; Fresno 0 - Jersey Shore 0 |
BOTTOM OF THE 5TH |
Jersey Shore D-Bags batting - Pitching for Fresno Deplorables : RHP Dionisio Penni
|
Batting: LHB Juan Hernández
|
0-0: Ball 1-0: Called Strike 1-1: Swinging Strike 1-2: Ball 2-2: Foul Ball, location: 2F 2-2: Fly out, F6 (Line Drive, 6M)
|
Batting: RHB Ricardo González
|
0-0: Foul Ball, location: 2F 0-1: Ball 1-1: Ball 2-1: SINGLE (Groundball, 6) (infield hit)
|
Batting: LHB Dave Dodd
|
0-0: Ball Ricardo González steals 2nd base 1-0: Intentional Walk
|
Batting: RHB Miguel Serna
|
0-0: Ground out 5-3 (Groundball, 56S) Ricardo González to third Dave Dodd to second
|
Batting: LHB Pat Zimmerman
|
0-0: Called Strike 0-1: Ball 1-1: Ball 2-1: Ground out 5-3 (Groundball, 5)
|
Bottom of the 5th over - 0 run(s), 1 hit(s), 0 error(s), 2 left on base; Fresno 0 - Jersey Shore 0 |
TOP OF THE 6TH |
Fresno Deplorables batting - Pitching for Jersey Shore D-Bags : RHP Roland Martin
|
Batting: LHB Paul Mullins
|
0-0: Ball 1-0: Foul Ball, location: 2F 1-1: Fly out, F7 (Flyball, 7S)
|
Batting: LHB Jeff Daniels
|
0-0: Ball 1-0: DOUBLE (Flyball, 89XD)
|
Batting: LHB Troy Donaldson
|
0-0: Intentional Walk
|
Batting: RHB Paco Arellano
|
0-0: Foul Ball, location: 2F 0-1: Fielders Choice at 2nd, 1-6 (Groundball, 13) Jeff Daniels to third
|
Batting: RHB Manolo Román
|
0-0: Called Strike 0-1: Ball 1-1: Swinging Strike 1-2: 3-RUN HOME RUN (Flyball, 78XD), Distance : 391 ft
|
Batting: RHB Dani Vázquez
|
0-0: Ball 1-0: Foul Ball, location: 2F 1-1: Ball 2-1: Ball 3-1: Fly out, F4 (Popup, 4)
|
Top of the 6th over - 3 run(s), 2 hit(s), 0 error(s), 0 left on base; Fresno 3 - Jersey Shore 0 |
BOTTOM OF THE 6TH |
Jersey Shore D-Bags batting - Pitching for Fresno Deplorables : RHP Dionisio Penni
|
Batting: LHB António Cedeño
|
0-0: Ball 1-0: Foul Ball, location: 2F 1-1: Foul Ball, location: 2F 1-2: Strikes out swinging
|
Batting: RHB Luis Ríos
|
0-0: Called Strike 0-1: Ball 1-1: Called Strike 1-2: Strikes out swinging
|
Batting: LHB Albert Morgan
|
0-0: Foul Ball, location: 2F 0-1: Called Strike 0-2: Foul Ball, location: 2F 0-2: Ball 1-2: Strikes out swinging
|
Bottom of the 6th over - 0 run(s), 0 hit(s), 0 error(s), 0 left on base; Fresno 3 - Jersey Shore 0 |
TOP OF THE 7TH |
Fresno Deplorables batting - Pitching for Jersey Shore D-Bags : RHP Roland Martin
|
Batting: RHB Aaron Scott
|
0-0: Ball 1-0: Called Strike 1-1: Foul Ball, location: 2F 1-2: Foul Ball, location: 2F 1-2: Ground out 6-3 (Groundball, 6)
|
Batting: RHB R.J. Parker
|
0-0: Called Strike 0-1: Fly out, F8 (Flyball, 8LD)
|
Batting: LHB Chance Santry
|
0-0: Called Strike 0-1: Swinging Strike 0-2: Ball 1-2: Ball 2-2: Ball 3-2: Strikes out swinging
|
Top of the 7th over - 0 run(s), 0 hit(s), 0 error(s), 0 left on base; Fresno 3 - Jersey Shore 0 |
BOTTOM OF THE 7TH |
Jersey Shore D-Bags batting - Pitching for Fresno Deplorables : RHP Dionisio Penni
|
Batting: RHB Millard Boyd
|
0-0: Ball 1-0: Called Strike 1-1: Ground out 6-3 (Groundball, 6)
|
Batting: LHB Juan Hernández
|
0-0: Swinging Strike 0-1: Ball 1-1: Foul Ball, location: 2F 1-2: Ball 2-2: Foul Ball, location: 2F 2-2: Strikes out swinging
|
Batting: RHB Ricardo González
|
0-0: Called Strike 0-1: Ground out 5-3 (Groundball, 5)
|
Bottom of the 7th over - 0 run(s), 0 hit(s), 0 error(s), 0 left on base; Fresno 3 - Jersey Shore 0 |
TOP OF THE 8TH |
Fresno Deplorables batting - Pitching for Jersey Shore D-Bags : RHP Roland Martin
|
Pitching: RHP Paco Gutiérrez
|
|
Batting: LHB Paul Mullins
|
0-0: Called Strike 0-1: Called Strike 0-2: Ball 1-2: Ball 2-2: Fly out, F3 (Popup, 3D)
|
Batting: LHB Jeff Daniels
|
0-0: Called Strike 0-1: Swinging Strike 0-2: Ball 1-2: DOUBLE (Flyball, 8RD)
|
Batting: LHB Troy Donaldson
|
0-0: Intentional Walk
|
Batting: RHB Paco Arellano
|
0-0: Foul Ball, location: 2F 0-1: Ball 1-1: Foul Ball, location: 2F Balk! Jeff Daniels to third Troy Donaldson to second 1-2: Foul Ball, location: 2F 1-2: Strikes out swinging
|
Batting: RHB Manolo Román
|
0-0: Intentional Walk
|
Batting: RHB Dani Vázquez
|
0-0: Called Strike 0-1: Ball 1-1: SINGLE (Line Drive, 9S) Jeff Daniels scores Troy Donaldson to third Manolo Román to second
|
Batting: RHB Aaron Scott
|
0-0: Ground out 6-3 (Groundball, 6D)
|
Top of the 8th over - 1 run(s), 2 hit(s), 0 error(s), 3 left on base; Fresno 4 - Jersey Shore 0 |
BOTTOM OF THE 8TH |
Jersey Shore D-Bags batting - Pitching for Fresno Deplorables : RHP Dionisio Penni
|
Pitching: LHP Eduardo Trujillo
|
|
Batting: LHB Dave Dodd
|
0-0: SOLO HOME RUN (Flyball, 8RXD), Distance : 410 ft
|
Batting: RHB Miguel Serna
|
0-0: Ball 1-0: DOUBLE (Line Drive, 78M)
|
Batting: LHB Pat Zimmerman
|
0-0: Fly out, F7 (Flyball, 7D) Runner from 2nd tags up, SAFE at 3rd, no throw
|
Batting: LHB António Cedeño
|
0-0: Ball 1-0: Foul Ball, location: 2F 1-1: Swinging Strike 1-2: Hit by Pitch
|
Pitching: RHP César Menéndez
|
|
Batting: RHB Luis Ríos
|
0-0: Ball 1-0: Ball 2-0: Called Strike 2-1: Ball 3-1: Base on Balls António Cedeño to second
|
Pitching: LHP Allan Bader
|
|
Batting: LHB Albert Morgan
|
0-0: Called Strike 0-1: Swinging Strike 0-2: Foul Ball, location: 2F 0-2: Strikes out swinging
|
Pitching: RHP Rodrigo Aguilar
|
|
Batting: RHB Millard Boyd
|
0-0: Ball 1-0: Swinging Strike 1-1: Ball 2-1: Foul Ball, location: 2F 2-2: Ball 3-2: Strikes out swinging
|
Bottom of the 8th over - 1 run(s), 2 hit(s), 0 error(s), 3 left on base; Fresno 4 - Jersey Shore 1 |
TOP OF THE 9TH |
Fresno Deplorables batting - Pitching for Jersey Shore D-Bags : RHP Paco Gutiérrez
|
Batting: RHB R.J. Parker
|
0-0: Called Strike 0-1: Swinging Strike 0-2: Strikes out swinging
|
Batting: LHB Chance Santry
|
0-0: Called Strike 0-1: Fly out, F8 (Flyball, 8LM)
|
Batting: LHB Paul Mullins
|
0-0: Ball 1-0: Ball 2-0: Called Strike 2-1: Foul Ball, location: 2F 2-2: Strikes out swinging
|
Top of the 9th over - 0 run(s), 0 hit(s), 0 error(s), 0 left on base; Fresno 4 - Jersey Shore 1 |
BOTTOM OF THE 9TH |
Jersey Shore D-Bags batting - Pitching for Fresno Deplorables : RHP Rodrigo Aguilar
|
Pitching: LHP Valentín Reséndez
|
|
Batting: LHB Juan Hernández
|
0-0: DOUBLE (Line Drive, 9LM)
|
Batting: RHB Ricardo González
|
0-0: Ball 1-0: Ball 2-0: Ball 3-0: Base on Balls
|
Batting: LHB Dave Dodd
|
0-0: Ball 1-0: DOUBLE (Flyball, 9LM) Juan Hernández scores Ricardo González to third Runner from 3rd tries for Home, SAFE, no throw
|
Batting: RHB Miguel Serna
|
0-0: Ball 1-0: Ball 2-0: Called Strike 2-1: Foul Ball, location: 2F 2-2: Ball 3-2: Base on Balls
|
Batting: LHB Pat Zimmerman
|
0-0: Fly out, F5 (Flyball, 5D)
|
Batting: LHB António Cedeño
|
0-0: Foul Ball, location: 2F 0-1: Foul Ball, location: 2F 0-2: Ball 1-2: Foul Ball, location: 2F 1-2: Foul Ball, location: 2F 1-2: Grounds into double play, 3-6-3 (Groundball, 34)
|
Bottom of the 9th over - 2 run(s), 2 hit(s), 0 error(s), 1 left on base; Fresno 4 - Jersey Shore 3 |
|